 Dungeon Crawl Stone Soup version 0.30-a0-782-ge64f9170bb (console) character file.

Game seed: 91035181898216359

240126 utis the Fighter (level 19, -5/121 HPs)
             Began as a Tengu Wanderer on Feb 28, 2023.
             Slain by a servant of whispers
             ... wielding a +2 short sword of electrocution
              (16 damage)
             ... in the Desolation of Salt on Mar 3, 2023.
             The game lasted 04:36:59 (57316 turns).

utis the Fighter (Tengu Wanderer)                  Turns: 57316, Time: 04:36:59

Health: -5/121     AC: 30    Str: 19    XL:     19   Next: 77%
Magic:  41/43      EV: 17    Int: 22    God:
Gold:   671        SH:  7    Dex: 20    Spells: 4/38 levels left

rFire   . . .      SeeInvis .    b - +1 double sword (flame)
rCold   . . .      Faith    .    V - +0 buckler {rPois}
rNeg    + . .      Spirit   .    e - +8 chain mail of Shadows and Fog {Will+ MP+9 Int+4}
rPois   +          Reflect  .    o - +2 hat
rElec   .          Harm     .    K - +2 ratskin cloak {*Rats rPois rN+ Str-1 Int-1 Dex+1}
rCorr   .          Rampage  .    T - +2 pair of gloves {hurl}
Will    ++...      Archmagi +    (boots unavailable) Stlth
                                 u - amulet "Rubisch" {Regen+ Dex+5}
HPRegen 1.20/turn                S - +6 ring of strength {=R}
MPRegen 0.28/turn                g - ring of the Mage {Wiz Archmagi}

@: flying quickly and evasively, hasted, very quick
A: beak, talons 3, nimble flight
}: 1/15 runes: serpentine
a: no special abilities


You were in the Desolation of Salt.
You visited 6 branches of the dungeon, and saw 31 of its levels.
You also visited: Trove, Sewer and Desolation.

You collected 4034 gold pieces.
You spent 3363 gold pieces at shops.

Inventory:

Hand Weapons
 a - the +10 short sword "Nish" {pain, +Blink}
   (You found it on level 7 of the Dungeon)

   +Blink:    It lets you blink.
 b - a +1 double sword of flaming (weapon)
Missiles
 r - 8 curare-tipped darts {=f}
 t - 7 javelins
Armour
 e - the +8 chain mail of Shadows and Fog (worn) {Will+ MP+9 Int+4}
   (You found it on level 2 of the Swamp)

   Int:       It affects your intelligence (+4).
   MP:        It affects your magic capacity (+9).
   Will:      It increases your willpower.
 o - a +2 hat (worn)
 K - the +2 ratskin cloak (worn) {*Rats rPois rN+ Str-1 Int-1 Dex+1}
   (You found it on level 5 of the Dungeon)

   *Rats:     When the wearer is hurt, rats may emerge from it to assist them.
   Str:       It affects your strength (-1).
   Int:       It affects your intelligence (-1).
   Dex:       It affects your dexterity (+1).
   rPois:     It protects you from poison.
   rN:        It protects you from negative energy.
 T - a +2 pair of gloves of hurling (worn)
 V - a +0 buckler of poison resistance (worn)
Magical Staves
 c - a staff of death
Jewellery
 g - the ring of the Mage (right hand) {Wiz Archmagi}
   (You bought it in a shop on level 1 of the Snake Pit)

   [ring of wizardry]

   It improves your spell success rate.
   Archmagi:  It increases the power of your magical spells.
 h - the ring of Plog {*Corrode rElec rF+ rN+ Int+8}
   (You bought it in a shop on level 13 of the Dungeon)

   [ring of positive energy]

   Int:       It affects your intelligence (+8).
   rF:        It protects you from fire.
   rElec:     It insulates you from electricity.
   rN:        It protects you from negative energy.
   *Corrode:  It may corrode you when you take damage.
 p - the ring of Wouppuo {rElec rN+ Str-4 Dex+3 Stlth+}
   (You found it on level 2 of the Dungeon)

   [ring of positive energy]

   Str:       It affects your strength (-4).
   Dex:       It affects your dexterity (+3).
   rElec:     It insulates you from electricity.
   rN:        It protects you from negative energy.
   Stlth:     It makes you more stealthy.
 u - the amulet "Rubisch" (around neck) {Regen+ Dex+5}
   (You found it in a treasure trove)

   [amulet of regeneration]

   Dex:       It affects your dexterity (+5).
   Regen:     It increases your rate of health regeneration.
 v - a ring of see invisible
 C - a ring of ice
 E - a +5 ring of evasion
 F - a ring of fire
 P - a ring of poison resistance
 S - a +6 ring of strength (left hand) {=R}
 W - a ring of willpower
 Z - the amulet "Middista" {Spirit Contam rN+ rCorr}
   (You found it in a treasure trove)

   [amulet of guardian spirit]

   It causes incoming damage to be divided between your reserves of health and
   magic.
   rN:        It protects you from negative energy.
   Contam:    It causes magical contamination when unequipped.
   rCorr:     It protects you from acid and corrosion.
Wands
 l - a wand of digging (40)
 w - a wand of mindburst (11)
 y - a wand of charming (13)
 J - a wand of roots (9)
 M - a wand of quicksilver (7)
 X - a wand of polymorph (9)
Scrolls
 d - 13 scrolls of teleportation {@r4}
 f - 4 scrolls of butterflies
 n - a scroll of amnesia
 A - 7 scrolls of fog
 H - 3 scrolls of silence {!r}
 I - 8 scrolls of poison
 L - 4 scrolls of vulnerability
 O - 12 scrolls of identify {@r1}
 R - 4 scrolls of fear
Potions
 i - 7 potions of brilliance
 k - 4 potions of resistance
 m - 2 potions of invisibility
 s - 2 potions of ambrosia
 B - 16 potions of curing {@q1}
 N - 9 potions of magic
 Q - 5 potions of heal wounds {@q2}
 U - 4 potions of cancellation
 Y - 5 potions of haste {@q3}
Miscellaneous
 j - a phial of floods (inert)
 q - a phantom mirror
 x - a phial of floods (inert)
 G - a lightning rod (4/4)


   Skills:
 - Level 14.2 Fighting
 - Level 10.0 Short Blades
 - Level 1.2(4.2) Axes
 - Level 6.4(6.5) Maces & Flails
 - Level 2.0 Throwing
 - Level 13.5 Armour
 - Level 12.5 Dodging
 - Level 4.7 Stealth
 - Level 9.4 Shields
 - Level 2.1 Unarmed Combat
 + Level 10.4 Spellcasting
 - Level 8.0 Conjurations
 - Level 14.1 Summonings
 - Level 14.0 Necromancy
 - Level 3.0 Translocations
 - Level 8.0 Air Magic
 - Level 3.0 Earth Magic
 - Level 5.0 Poison Magic
 - Level 8.0 Evocations


You had 4 spell levels left.
You knew the following spells:

 Your Spells              Type           Power      Damage    Failure   Level
a - Apportation           Tloc           74%        N/A       5%          1
b - Dispel Undead         Necr           84%        3d27      1%          4
d - Summon Guardian Gole  Hex/Summ       59%        N/A       3%          3
f - Call Canine Familiar  Summ           84%        N/A       1%          3
n - Death Channel         Necr           42%        N/A       9%          6
p - Mephitic Cloud        Conj/Pois/Air  59%        N/A       3%          3
y - Agony                 Necr           84%        N/A       1%          5
W - Animate Armour        Summ/Erth      100%       N/A       5%          4
X - Cigotuvi's Dreadful   Necr/Pois/Air  100%       N/A       1%          2
Y - Kiss of Death         Conj/Necr      100%       2d13      1%          1
Z - Sublimation of Blood  Necr           84%        N/A       1%          2

Your spell library contained the following spells:

 Spells                   Type           Power      Damage    Failure   Level
 Necrotise                Necr           100%       1d9       1%          1
 Shock                    Conj/Air       100%       1d9       1%          1
 Summon Small Mammal      Summ           100%       N/A       1%          1
 Poisonous Vapours        Pois/Air       100%       N/A       1%          2
 Static Discharge         Conj/Air       100%       2-7/arc   1%          2
 Swiftness                Air            63%        N/A       1%          3
 Animate Dead             Necr           84%        N/A       1%          4
 Momentum Strike          Conj/Tloc      100%       3d10      2%          2
 Airstrike                Air            31%        2d(5-21)  7%          4
 Blink                    Tloc           74%        N/A       9%          2
 Lesser Beckoning         Tloc           74%        N/A       9%          2
 Kindle Blastsparks       Fire/Tloc/Air  82%        2d16      12%         3
 Gell's Gravitas          Tloc           37%        N/A       16%         3
 Teleport Other           Tloc           37%        N/A       16%         3
 Beastly Appendage        Tmut           34%        N/A       17%         1
 Spider Form              Tmut/Pois      33%        N/A       19%         3
 Iskenderun's Mystic Bla  Conj/Tloc      52%        2d11      19%         4
 Wereblood                Tmut           17%        N/A       26%         2
 Ignite Poison            Fire/Tmut/Pois 28%        N/A       26%         3
 Fulminant Prism          Conj/Hex       21%        3d12      32%         4
 Sticky Flame             Conj/Fire      43%        2d6       32%         4
 Manifold Assault         Tloc           37%        N/A       45%         4
 Passage of Golubria      Tloc           37%        N/A       45%         4
 Ice Form                 Ice/Tmut       17%        N/A       85%         4
 Borgnjor's Vile Clutch   Necr/Erth      32%        N/A       16%         5
 Lightning Bolt           Conj/Air       31%        1d48      19%         5
 Haunt                    Necr/Summ      42%        N/A       41%         7
 Freezing Cloud           Conj/Ice/Air   25%        6-21      45%         5
 Silence                  Hex/Air        21%        N/A       65%         5
 Lee's Rapid Deconstruct  Erth           18%        3d11*     78%         5
 Simulacrum               Ice/Necr       29%        N/A       80%         6
 Spellforged Servitor     Conj/Summ      37%        N/A       82%         7
 Alistair's Intoxication  Tmut/Pois      22%        N/A       85%         5
 Summon Horrible Things   Summ           42%        N/A       97%         8
 Orb of Destruction       Conj           31%        9d10      99%         7
 Dispersal                Tloc           18%        N/A       100%        6
 Disjunction              Tloc           18%        N/A       100%        8
 Ignition                 Fire           8%         3d5       100%        8
 Lehudib's Crystal Spear  Conj/Erth      26%        10d7      100%        8
 Chain Lightning          Conj/Air       31%        3d42      100%        9
 Fire Storm               Conj/Fire      21%        8d6       100%        9
 Polar Vortex             Ice            8%         N/A       100%        9
 Shatter                  Erth           18%        3d17*     100%        9


Dungeon Overview and Level Annotations

Branches:
Dungeon (15/15)            Temple (0/1) D:6            Lair (5/5) D:8
  Swamp (3/4) Lair:2        Snake (4/4) Lair:3        Slime (0/5) Lair:5
    Orc (2/2) D:9             Elf (0/3) Orc:2        Vaults (2/5) D:13
 Depths (0/4) D:15          Sewer (visited)         Desolation (1/1)
  Crypt: Vaults:2-3

Altars:
Trog
Xom

Shops:
D:12 **   D:13 =   Orc:2 !*(*   Snake:1 ==:*(?   Snake:4 (??[[

Annotations:
D:6 Maggie
Swamp:3 Donald, Mara
Snake:2 exclusion: 2 ice statues


Innate Abilities, Weirdness & Mutations

You have a beak for a mouth.
You have claws for feet.
Your magical nature lets you fly swiftly and evasively.


Message History

A guardian serpent comes into view.
Blink to where?
Press: ? - help, Dir - move target An ironbound convoker, a halazid warlock and a saltling come into view.
As you read the scroll of blinking, it crumbles to dust.
The ironbound convoker shouts!
The halazid warlock shouts!
The ragged hierophant points at you and mumbles some strange words.
A blast of power from the earth strikes you!
* * * LOW HITPOINT WARNING * * *
A servant of whispers comes into view. It is wielding a +0 spear.
The ironbound convoker barely misses you.
A saltling comes into view.
The halazid warlock touches you but does no damage.
The ironbound convoker casts a spell at the servant of whispers.
The servant of whispers seems to grow stronger.
The ragged hierophant gestures wildly while chanting.
The ragged hierophant begins to accept its allies' injuries.
The saltling misses you.
Your unholy channel expires.
The ragged hierophant seems less drained.
The ragged hierophant mumbles some strange words.
The ragged hierophant begins to accept its allies' injuries.
You block the ironbound convoker's attack.
There is an empty arch of ancient stone here.
The guardian serpent coils itself and waves its upper body at you.
The servant of whispers blinks!
The ironbound convoker blinks!
The saltling blinks! x3
The ironbound convoker blinks!
The ragged hierophant points at you and mumbles some strange words.
A blast of power from the earth and the adjacent constructs strikes you!
You barely miss the ironbound convoker.
Your kick misses the ironbound convoker.
The ragged hierophant gestures wildly while chanting.
The ragged hierophant begins to accept its allies' injuries.
The crystal guardian hits you!!
* * * LOW HITPOINT WARNING * * *
A river rat scurries out from under your cloak.
The servant of whispers hits you with a +2 short sword of electrocution.
* * * LOW HITPOINT WARNING * * *
You are electrocuted!
You die...

,,,,..............§9§§9.........9
,,...............§§§.............
,*░.............§§░a.............
,,..............§.§.░............
,,..............§....p...........
,,.................aa............
,,........)......pL....§.......9░
,,.............a99L.§9...........
,,.............pQ9a.9.9.......9..
,,..░░.........p9a9§a.p..........
,,...............r..S.99.........
,,.........░.....§...............
,,....§.................░.....§.9
,,......................░........
**....§§.........................
**,..............................
*,,,,,,,,,,,.....................


You could see 3 ragged hierophants, 3 servants of whispers, an imperial myrmidon
(summoned, sheltered), 2 halazid warlocks, 2 crystal guardians, 5 ironbound
convokers, a guardian serpent (sheltered), 8 saltlings and a friendly river rat.

Vanquished Creatures
  Mlioglotl (Swamp:1)
  2 sphinxes (Vaults:1)
  Agnes (Snake:1)
  9 nagarajas (Snake:4)
  2 vault wardens (Vaults:1)
  The ghost of Hiworyng the Fighter, a journeyman DsEE of Vehumet (Orc:1)
  2 ironbound preservers (Vaults:1)
  The ghost of jazmu the Coward, a journeyman FoHs of Okawaru (Lair:5)
  4 bunyips (Swamp:2)
  An ironbound thunderhulk (Vaults:1)
  2 dire elephants (Vaults:1)
  3 eleionomae
  A halazid warlock (Desolation)
  2 ettins
  A yaktaur captain (Vaults:1)
  A ragged hierophant (Desolation)
  8 salamander tyrants
  5 ogre magi
  A catoblepas (Lair:4)
  9 anacondas
  5 vault guards (D:13)
  10 hydras
  An ironbound frostheart (Vaults:1)
  2 centaur warriors
  13 two-headed ogres
  3 boulder beetles
  2 tengu warriors
  4 alligators
  The ghost of caveywoolpert the Digger, a novice DgEE (D:9)
  8 death yaks
  Urug (Lair:3)
  14 naga warriors
  5 orc high priests (Orc:2)
  7 naga sharpshooters
  8 shock serpents
  3 salamander mystics
  2 skysharks
  5 goliath frogs
  5 skeletal warriors
  10 bog bodies
  4 deep trolls
  4 spriggan druids
  A phantasmal warrior (Vaults:1)
  8 naga ritualists
  A deep elf archer (D:13)
  2 lindwurms (Vaults:1)
  11 orc knights
  2 harpies (Vaults:1)
  4 ironbound convokers (Vaults:1)
  4 wizards
  2 deep elf pyromancers (D:15)
  14 mana vipers
  2 orc sorcerers
  10 ugly things
  An oklob plant (Lair:4)
  26 salamanders
  A manticore (D:14)
  18 cyclopes
  A will-o-the-wisp (Swamp:1)
  36 black mambas
  10 elephants
  A torpor snail (Lair:2)
  8 vault sentinels
  5 guardian serpents (Snake:4)
  3 gargoyles
  21 naga magi
  21 cane toads
  4 rime drakes
  A rime drake (shapeshifter) (D:13)
  An unseen horror (D:11)
  A kobold demonologist (D:11)
  A freezing wraith (D:15)
  6 yaktaurs (Vaults:1)
  4 komodo dragons
  3 tengu conjurers
  3 meliai (D:13)
  3 trolls
  A polar bear (Lair:3)
  Prince Ribbit (D:5)
  5 tyrant leeches
  3 saltlings (Desolation)
  5 hornets
  23 blink frogs
  11 dream sheep
  16 slime creatures
  8 spriggans
  A spriggan (shapeshifter) (D:15)
  A jumping spider (shapeshifter) (D:15)
  5 wraiths
  32 yaks
  A human (D:13)
  A basilisk (Lair:4)
  4 wyverns
  4 fire bats (Orc:1)
  2 steam dragons
  11 vampire mosquitoes
  7 wargs
  41 nagas
  12 swamp worms
  Duvessa (D:7)
  17 water moccasins
  3 acid dragons
  2 black bears
  Pargi (Sewer)
  3 ice beasts
  A sky beast (D:7)
  26 orc warriors
  9 ogres
  24 wolves
  6 centaurs
  A phantom (D:6)
  4 kobold brigands
  2 gnoll sergeants
  18 bullfrogs
  2 scorpions (D:5)
  4 necrophages
  Dowan (D:7)
  16 killer bees
  An electric eel (Lair:5)
  7 howler monkeys
  7 jellies
  6 lava snakes
  A hound (D:6)
  Crazy Yiuf (D:7)
  A gnoll bouda (D:9)
  26 orc priests
  3 iguanas
  15 orc wizards
  3 hell rats (D:5)
  8 gnolls
  11 adders
  15 river rats (D:5)
  A shadow imp (D:6)
  A white imp (D:8)
  An ufetubus (D:5)
  2 worms
  A dart slug (D:1)
  68 orcs
  12 ball pythons
  12 endoplasms
  2 giant cockroaches
  2 goblins (D:1)
  3 hobgoblins
  7 jackals
  24 kobolds
  5 quokkas
  3 frilled lizards
  5 rats
  A butterfly (Lair:2)
1005 creatures vanquished.

Vanquished Creatures (collateral kills)
  3 nagarajas (Snake:4)
  A fire giant (Orc:1)
  A ghoul (Swamp:1)
  A stone giant (D:12)
  2 ironbound thunderhulks (Vaults:1)
  5 dire elephants (Vaults:1)
  Josephine (Lair:3)
  2 peacekeepers (Vaults:2)
  2 salamander tyrants
  A servant of whispers (Desolation)
  An anaconda (Snake:4)
  A tengu warrior (D:13)
  3 naga warriors (Snake:4)
  A naga sharpshooter (Snake:4)
  3 shock serpents (Snake:4)
  3 skeletal warriors (D:14)
  A salamander mystic (Snake:2)
  A skyshark (Lair:3)
  2 deep trolls (Vaults:1)
  A spriggan druid (Swamp:2)
  A mana viper (Snake:3)
  3 ugly things
  3 harpies (Vaults:1)
  5 salamanders
  A guardian serpent (Snake:4)
  6 elephants
  A naga mage (Snake:4)
  A black mamba (Snake:3)
  2 rime drakes (Lair:4)
  A yaktaur (Vaults:1)
  A dream sheep (Lair:3)
  A shadow (D:10)
  A spriggan (Swamp:2)
  3 wraiths
  Eustachio (D:6)
  A basilisk (Lair:1)
  A vampire mosquito (D:13)
  6 nagas
  A nameless horror (Snake:4)
  An orc priest (Orc:2)
  2 orc wizards (D:12)
  A river rat (D:3)
  An ufetubus (D:4)
  2 orcs
83 creatures vanquished.

Vanquished Creatures (others)
  An ettin (Orc:1)
  2 naga sharpshooters (Snake:4)
  2 bloated husks (Swamp:3)
  2 saltlings (Desolation)
  A swamp worm (Swamp:3)
  A necrophage (Swamp:1)
  An orc wizard (D:12)
  2 foxfires (Swamp:1)
  34 fungi
  109 plants
  9 toadstools (D:3)
164 creatures vanquished.

Grand Total: 1252 creatures vanquished

Notes
Turn   | Place    | Note
-------+----------+-------------------------------------------
     0 | D:1      | utis the Tengu Wanderer began the quest for the Orb.
     0 | D:1      | utis set off with the following items: a +0 dagger, a
                  | potion of invisibility, a +0 pair of gloves, a scroll of
                  | teleportation {@r4}, a +0 robe, a scroll of butterflies;
                  | and the following spell memorised: Summon Small Mammal; and
                  | the following spells available to memorise: Call Canine
                  | Familiar.
     0 | D:1      | Reached XP level 1. HP: 12/12 MP: 3/3
     0 | D:1      | fck
    47 | D:1      | Found a faded altar of an unknown god.
   385 | D:1      | Reached XP level 2. HP: 16/16 MP: 4/4
  1322 | D:2      | Reached XP level 3. HP: 21/21 MP: 5/5
  1326 | D:2      | Learned a level 3 spell: Call Canine Familiar
  1375 | D:2      | Identified the ring of Wouppuo {rElec rN+ Str-4 Dex+3
                  | Stlth+}
  1897 | D:2      | Reached skill level 1 in Throwing
  2328 | D:3      | Reached XP level 4. HP: 22/26 MP: 2/7
  2330 | D:3      | Learned a level 1 spell: Necrotise
  2469 | D:3      | Found a glowing drain.
  2475 | D:3      | Reached skill level 1 in Maces & Flails
  2475 | D:3      | Reached skill level 1 in Necromancy
  2477 | Sewer    | Entered a sewer
  2545 | Sewer    | Noticed Pargi
  2573 | Sewer    | Killed Pargi
  2574 | Sewer    | Gained mutation: Your magical nature lets you fly swiftly
                  | and evasively. [Tengu growth]
  2574 | Sewer    | Reached XP level 5. HP: 22/30 MP: 3/8
  2685 | Sewer    | Reached skill level 5 in Fighting
  2685 | Sewer    | Reached XP level 6. HP: 40/40 MP: 9/9
  2760 | D:3      | Found a bloodstained altar of Trog.
  3324 | D:3      | Reached XP level 7. HP: 42/44 MP: 10/10
  3387 | D:3      | Learned a level 2 spell: Cigotuvi's Dreadful Rot
  3750 | D:3      | Learned a level 2 spell: Poisonous Vapours
  4297 | D:4      | You are sucked into a shaft and drop 2 floors!
  4316 | D:6      | Noticed Prince Ribbit
  4320 | D:5      | Entered Level 5 of the Dungeon
  4325 | D:5      | Reached skill level 5 in Summonings
  4360 | D:5      | Reached XP level 8. HP: 50/50 MP: 11/11
  5058 | D:5      | Reached skill level 1 in Shields
  6090 | D:5      | Found the +2 ratskin cloak {*Rats rPois rN+ Str-1 Int-1
                  | Dex+1}
  6210 | D:6      | Noticed Eustachio
  6229 | D:5      | Killed Prince Ribbit
  6230 | D:5      | Reached XP level 9. HP: 21/54 MP: 12/12
  6416 | D:6      | Found a staircase to the Ecumenical Temple.
  6433 | D:6      | Noticed Maggie
  6592 | D:6      | Killed Eustachio
  6874 | D:6      | Identified the +0 plate armour "Ziutygu" {rC- rN+++ Will++
                  | Str-2}
  7441 | D:7      | Reached skill level 1 in Axes
  7635 | D:7      | Identified the +10 short sword "Nish" {pain, +Blink}
  7796 | D:7      | Reached skill level 1 in Short Blades
  8099 | D:7      | Noticed Duvessa
  8099 | D:7      | Noticed Dowan
  8135 | D:7      | Killed Duvessa
  8143 | D:7      | Killed Dowan
  8686 | D:7      | Found a runed translucent door.
  8687 | D:7      | Noticed Crazy Yiuf
  8692 | D:7      | Killed Crazy Yiuf
  8860 | D:8      | Reached XP level 10. HP: 53/60 MP: 13/13
  9361 | D:8      | Found a staircase to the Lair.
  9821 | D:9      | Reached skill level 5 in Short Blades
  9885 | D:9      | Noticed a two-headed ogre
  9895 | D:9      | Killed a two-headed ogre
  9900 | D:9      | Learned a level 3 spell: Mephitic Cloud
  9922 | D:9      | Reached skill level 1 in Air Magic
  9927 | D:9      | Reached skill level 1 in Conjurations
  9941 | D:9      | Reached skill level 1 in Poison Magic
 10001 | D:9      | Noticed caveywoolpert's ghost (novice DgEE)
 10017 | D:9      | Identified the +8 chain mail "Kiuhyoss" {rF+ Int+3}
 10104 | D:9      | Found a runed translucent gate.
 10104 | D:9      | Found a runed translucent gate.
 10105 | D:9      | Found a runed translucent gate.
 10345 | D:9      | Found a staircase to the Orcish Mines.
 10491 | D:9      | Reached XP level 11. HP: 66/66 MP: 14/14
 10893 | D:10     | Entered Level 10 of the Dungeon
 11676 | D:10     | Noticed a two-headed ogre
 11686 | D:10     | Killed a two-headed ogre
 11900 | Lair:1   | Entered Level 1 of the Lair of Beasts
 12322 | Lair:1   | Reached skill level 5 in Air Magic
 12331 | Lair:1   | Reached skill level 5 in Conjurations
 12807 | Lair:1   | Reached skill level 1 in Armour
 13132 | Lair:1   | Identified the +1 robe "Sianafra" {Str+2 Dex+3}
 13747 | Lair:2   | Noticed a skyshark
 13754 | Lair:2   | Killed a skyshark
 13755 | Lair:2   | Reached XP level 12. HP: 69/72 MP: 15/15
 14265 | Lair:2   | Noticed a six-headed hydra
 14268 | Lair:2   | Noticed a five-headed hydra
 14351 | Lair:2   | Noticed a six-headed hydra
 14377 | Lair:2   | Killed a six-headed hydra
 14926 | Lair:1   | Killed a six-headed hydra
 15302 | Lair:2   | Identified the +8 chain mail of Hospitality {rElec Will-
                  | Regen+ Str+2}
 15616 | Lair:2   | Noticed a seven-headed hydra
 15633 | Lair:2   | Killed a seven-headed hydra
 15634 | Lair:2   | Reached skill level 5 in Armour
 15770 | Lair:2   | Found a staircase to the Swamp.
 15927 | Lair:3   | Noticed a death yak
 15928 | Lair:3   | Noticed a death yak
 15929 | Lair:3   | Noticed a death yak
 15944 | Lair:2   | Killed a death yak
 16040 | Lair:2   | Reached skill level 10 in Summonings
 16056 | Lair:3   | Noticed Josephine
 16089 | Lair:3   | Killed Josephine
 16090 | Lair:3   | Reached XP level 13. HP: 50/79 MP: 11/16
 16817 | Lair:3   | Noticed Urug
 16836 | Lair:3   | Killed Urug
 16837 | Lair:3   | Reached skill level 10 in Dodging
 17016 | Lair:3   | Identified the +5 flail of Jiclaal {flame, rPois}
 17035 | Lair:3   | Found a staircase to the Snake Pit.
 19537 | Lair:4   | Reached skill level 5 in Poison Magic
 19866 | Lair:5   | Entered Level 5 of the Lair of Beasts
 19949 | Lair:5   | Reached skill level 1 in Evocations
 20349 | Lair:4   | Reached XP level 14. HP: 60/86 MP: 17/17
 21506 | Lair:5   | Reached skill level 5 in Evocations
 21914 | Lair:5   | Identified the +3 rapier "Tormentor" {freeze, Fly rPois
                  | Str+2}
 22089 | Lair:5   | Found a runed translucent door.
 22099 | Lair:5   | Noticed jazmu's ghost (journeyman FoHs)
 22451 | Lair:5   | Found a staircase to the Slime Pits.
 23102 | Lair:5   | Killed jazmu's ghost
 23169 | Lair:5   | Identified the +8 tower shield of the Peculiar Portals
                  | {rPois Will- Regen+}
 23342 | Orc:1    | Entered Level 1 of the Orcish Mines
 23488 | Orc:1    | Reached skill level 10 in Short Blades
 24024 | Orc:1    | Found a large runed translucent door.
 24024 | Orc:1    | Found a large runed translucent door.
 24100 | Orc:1    | Noticed Hiworyng's ghost (journeyman DsEE)
 24987 | Orc:1    | Reached skill level 10 in Necromancy
 25614 | D:9      | Killed caveywoolpert's ghost
 25615 | D:9      | Reached XP level 15. HP: 78/92 MP: 16/18
 26210 | D:9      | Reached skill level 10 in Fighting
 26667 | Orc:1    | Noticed a fire giant
 26896 | D:11     | Learned a level 1 spell: Apportation
 28275 | D:12     | Found Hielau's Assorted Antiques.
 28309 | D:12     | Found Unkuitirgh's General Store.
 28317 | D:12     | Bought a scroll of fog for 64 gold pieces
 28336 | D:12     | Found a transporter.
 28338 | D:12     | Found a transporter.
 28984 | D:13     | Identified the +1 robe "Nuttahy" {Stlth+}
 29830 | D:13     | Found Koas's Jewellery Emporium.
 30586 | D:13     | Reached skill level 1 in Translocations
 30680 | D:13     | Found a gate to the Vaults.
 32665 | D:15     | Entered Level 15 of the Dungeon
 33391 | D:15     | Reached XP level 16. HP: 59/100 MP: 17/20
 33633 | D:15     | Found a staircase to the Depths.
 33861 | D:15     | Found a portal to a secret trove of treasure.
 33870 | Trove    | Entered a treasure trove
 33907 | Trove    | Got Sif Muna's Codex of Exhumation
 33912 | Trove    | Got the Spellbook of the Evolved Black Widow
 33946 | Trove    | Identified the amulet of Viddiapn {Faith SInv Stlth+}
 33947 | Trove    | Identified the amulet "Rubisch" {Regen+ Dex+5}
 33948 | Trove    | Identified the amulet "Middista" {Spirit Contam rN+ rCorr}
 34330 | D:15     | Identified the +3 leather armour of the Worm {rPois Str+3}
 34349 | D:15     | Found a shimmering altar of Xom.
 35354 | D:13     | Bought the ring of Plog {*Corrode rElec rF+ rN+ Int+8} for
                  | 887 gold pieces
 35580 | Orc:1    | Identified the +4 halberd of Twisting Anguish {heavy,
                  | Int+4}
 35603 | Orc:1    | Identified the +5 ring mail of the Silversmith {rF+ rCorr
                  | Stlth+}
 36156 | Orc:2    | Entered Level 2 of the Orcish Mines
 36486 | Orc:2    | Found a staircase to the Elven Halls.
 36651 | Orc:2    | Reached skill level 5 in Shields
 37498 | Orc:2    | Found Hysink's General Store.
 37501 | Orc:2    | Found Irui's Weapon Shoppe.
 37502 | Orc:2    | Found Kulufyw's Distillery.
 37503 | Orc:2    | Found Amicos's Assorted Antiques.
 37510 | Orc:2    | Bought a scroll of butterflies for 56 gold pieces
 37511 | Orc:2    | Bought a scroll of fear for 128 gold pieces
 38019 | D:12     | Bought a scroll labelled ELOESH ITILLI for 30 gold pieces
 38021 | D:12     | Acquired the Elucidation of the Combative Escort
 38027 | D:12     | Learned a level 1 spell: Kiss of Death
 38030 | D:12     | Learned a level 2 spell: Sublimation of Blood
 38033 | D:12     | Learned a level 2 spell: Static Discharge
 38039 | D:12     | Learned a level 5 spell: Agony
 38192 | Swamp:1  | Entered Level 1 of the Swamp
 38378 | Snake:1  | Entered Level 1 of the Snake Pit
 38524 | Swamp:1  | You are sucked into a shaft and drop 1 floor!
 39757 | Swamp:1  | Noticed Mlioglotl
 39827 | Swamp:1  | Killed Mlioglotl
 39936 | Swamp:1  | Reached XP level 17. HP: 106/108 MP: 24/24
 40656 | Swamp:2  | Identified the +8 chain mail of Shadows and Fog {Will+ MP+9
                  | Int+4}
 41062 | Swamp:3  | Noticed Donald
 41334 | Snake:1  | Found Ovilu's Weapon Shoppe.
 41334 | Snake:1  | Found Sobucac's Magic Scroll Boutique.
 41356 | Snake:1  | Found Sajue's Assorted Antiques.
 41374 | Snake:1  | Bought a scroll of acquirement for 884 gold pieces
 41374 | Snake:1  | Acquired a book of Dangerous Friends
 41731 | Snake:1  | Noticed Agnes
 41744 | Snake:1  | Killed Agnes
 42113 | Snake:1  | Learned a level 3 spell: Summon Guardian Golem
 42404 | Snake:1  | Found Olannab's Jewellery Emporium.
 42405 | Snake:1  | Found Warph's Book Boutique.
 42413 | Snake:1  | Reached skill level 5 in Spellcasting
 42434 | Snake:1  | Found Wuoneem's Jewellery Emporium.
 42440 | Snake:1  | Bought the ring of the Mage {Wiz Archmagi} for 816 gold
                  | pieces
 42440 | Snake:1  | Found the ring of the Mage {Wiz Archmagi}
 45176 | Snake:3  | Reached XP level 18. HP: 116/116 MP: 27/27
 45366 | Snake:3  | Learned a level 6 spell: Death Channel
 46132 | Snake:3  | Identified the +5 scale mail of Lilacs {Rampage Int+3}
 47913 | Snake:4  | Entered Level 4 of the Snake Pit
 47913 | Snake:4  | Found Fezogutu's Armour Boutique.
 49031 | Orc:2    | Bought an ancient whip for 240 gold pieces
 49031 | Orc:2    | Identified the +4 whip of Gieblu {distort, rElec Dex+2}
                  | (You bought it in a shop on level 2 of the Orcish Mines)
 49502 | Snake:4  | Reached skill level 10 in Armour
 49615 | Snake:4  | Found Kumis's Antique Armour Emporium.
 49699 | Snake:4  | Found Huetz's Antique Weapon Shoppe.
 49869 | Snake:4  | Found Toure's Magic Scroll Shop.
 49874 | Snake:4  | Bought a scroll of fear for 44 gold pieces
 49874 | Snake:4  | Bought a scroll of fog for 44 gold pieces
 49874 | Snake:4  | Bought a scroll of fear for 44 gold pieces
 49874 | Snake:4  | Bought a scroll of fog for 44 gold pieces
 49874 | Snake:4  | Bought a scroll of magic mapping for 82 gold pieces
 49898 | Snake:4  | Found Jayrir's Magic Scroll Shop.
 51374 | Snake:4  | Got a serpentine rune of Zot
 51680 | Snake:4  | Learned a level 4 spell: Animate Armour
 52308 | Snake:4  | Reached XP level 19. HP: 121/121 MP: 26/32
 53472 | D:12     | Learned a level 4 spell: Dispel Undead
 53648 | Orc:1    | Killed Hiworyng's ghost
 53907 | Swamp:3  | Noticed Mara
 53980 | Swamp:3  | Noticed utis's illusion
 54206 | Vaults:1 | Entered Level 1 of the Vaults
 54715 | Vaults:1 | Reached skill level 1 in Earth Magic
 55395 | Vaults:1 | Reached skill level 10 in Spellcasting
 57069 | Vaults:2 | Found a crumbling gateway.
 57192 | Desolati | Entered the Desolation of Salt
 57316 | Desolati | Slain by a servant of whispers

Illustrated notes

░░░░░
░€..+
░Q░
░░░


Turn 0 on D:1: fck

Levels and vault maps discovered:
D:1:      onia_arrival_mini_spirals, layout_basic, shapermc_ecumenical_altar_gd
D:2:      layout_loops_ring
D:3:      cheibrodos_fertilizer, layout_loops_corners, lemuel_tele_altar,
          portal_sewer_entry_e, serial_aquarium, aquarium_bridge_long_joined
          [aquarium_subvault_window, aquarium_subvault_balcony,
          aquarium_subvault_wall, aquarium_subvault_bridge,
          aquarium_subvault_window, aquarium_subvault_window],
          aquarium_bridge_straight [aquarium_subvault_bridge,
          aquarium_subvault_balcony, aquarium_subvault_bridge,
          aquarium_subvault_wall], aquarium_window_fake,
          aquarium_window_corridor_3, aquarium_window_double, aquarium_view_4,
          aquarium_view_2c, aquarium_balcony_5b
D:4:      layout_cave_pods, saegor_snake_ambush
D:5:      wander_guarded_unrand_ratskin, layout_basic
D:6:      layout_cave_pools, temple_fountains, water_maze_lemuel, uniq_maggie,
          uniq_eustachio, uniq_prince_ribbit1
D:7:      layout_basic, uniq_duvessa, uniq_crazy_yiuf_cottage
D:8:      layout_rooms, lair_entry_dummy
D:9:      layout_loops_ring, minmay_orc_entry_guard_dogs, gammafunk_ghost_split
D:10:     layout_basic, grunt_decor_junction
D:11:     layout_basic
D:12:     gammafunk_beogh_shrine, layout_irregular_city, serial_shops,
          nicolae_shop_stone, nicolae_shop_waterfront
D:13:     layout_irregular_city, grunt_vaults_entry_fortified, serial_shops,
          shop
D:14:     layout_cave_pools, minmay_splitting_lines
D:15:     hangedman_depths_entry_civil_slaughter, layout_loops_ring,
          xom_teletrap_fun, enter_trove_0, minmay_misc_feat_columns
Lair:1:   layout_hall_layers, lemuel_old_faithful, lemuel_fruit_tree,
          serial_bayou_shore_a
Lair:2:   layout_roguey, palyth_hydra_swamp_entry, lemuel_fruit_fields,
          infiniplex_staircase_pool_2
Lair:3:   layout_long_grid, nicolae_snake_entry_warm_welcome, minivault_24,
          uniq_josephine, uniq_urug
Lair:4:   layout_roguey, kennysheep_catoblepas_arena
Lair:5:   minmay_lair_end_frog_pond, layout_long_grid, slime_entry_1,
          ebering_ghost_reflecting_pool
Swamp:1:  layout_basic_swamp, nicolae_swamp_fairy_circle, hangedman_swamp_lotus,
          swamp_pool1, hangedman_swamp_ravenous, uniq_mlioglotl
Swamp:2:  layout_falls_marsh, hangedman_swamp_diagram, nzn_swamp_stair_ambush
Swamp:3:  nicolae_swamp_husk_halls, layout_falls_marsh,
          evilmike_swamp_ruin_house_5, uniq_mara, uniq_donald, uniq_bai_suzhen
Snake:1:  layout_rooms, nicolae_snake_serpentine_bazaar, grunt_megastairs_4,
          minmay_shop_grove, uniq_agnes
Snake:2:  layout_grid_maze, portal_ice_cave_entry_ice_statue_two
Snake:3:  layout_cave_town
Snake:4:  grunt_snake_rune_spirals, layout_onion, serial_shops, shop,
          nicolae_shop_trees, nicolae_square_shop,
          nicolae_shop_temple_entry_statues_fountains,
          nicolae_shop_hallway_stairs
Orc:1:    giant_chief_lemuel, layout_diamond_mine, ebering_ghost_disaster_area,
          minmay_orc_temple_b
Orc:2:    st_orc_pillars, layout_diamond_mine
Vaults:1: v_rooms_4, v_misc_18, grunt_vaults_bifocal, v_misc_18,
          ontoclasm_vaults_misaligned, v_misc_28, nicolae_vaults_network_star,
          ontoclasm_vaults_eye, ontoclasm_vaults_idyll, ontoclasm_vaults_fault,
          vaults_dpeg_ring, vaults_dpeg_emergency_exit, layout_vaults_omnibox
Vaults:2: portal_desolation_entry_twin_temple, st_lines,
          nicolae_vaults_three_branches, hangedman_vaults_restitches,
          vaults_room_door_ring, hangedman_vaults_nodes,
          nicolae_vaults_network_quinsquares
          [nicolae_vaults_network_quincunx_subvault,
          nicolae_vaults_network_quincunx_subvault,
          nicolae_vaults_network_quincunx_subvault,
          nicolae_vaults_network_quincunx_subvault], v_misc_4,
          nicolae_vaults_bisected_slash, nicolae_vaults_angled_halls,
          hangedman_vaults_trim, ontoclasm_vaults_hangar,
          layout_vaults_maze_snakey
Desolation

Skill      XL: |  1  2  3  4  5  6  7  8  9 10 11 12 13 14 15 16 17 18 19 |
---------------+----------------------------------------------------------+-----
Summonings     | 3 5 6 7 8 10 11 12 13 14 | 14.1
Fighting       | 2 5 6 7 8 9 11 12 14 | 14.2
Throwing       | 1 2 |  2.0
Maces & Flails | 2 6 |  6.4
Necromancy     | 2 8 9 10 11 12 14 | 14.0
Dodging        | 6 7 8 9 10 11 12 | 12.5
Shields        | 3 4 7 9 |  9.4
Axes           | 1 |  1.2
Short Blades   | 3 5 7 9 10 | 10.0
Air Magic      | 2 6 8 |  8.0
Conjurations   | 2 5 8 |  8.0
Poison Magic   | 1 3 5 |  5.0
Armour         | 2 5 7 9 12 13 | 13.5
Evocations     | 2 5 7 8 |  8.0
Stealth        | 4 |  4.7
Translocations | 3 |  3.0
Spellcasting   | 2 4 5 8 10 | 10.4
Earth Magic    | 3 |  3.0
Unarmed Combat | |  2.1

Action                     |  1- 3 |  4- 6 |  7- 9 | 10-12 | 13-15 | 16-18 | 19-21 || total
---------------------------+-------+-------+-------+-------+-------+-------+-------++-------
  Melee: Dagger            |    38 |       |       |       |       |       |       ||    38
         Kick              |    16 |    12 |    97 |   166 |   556 |   648 |   217 ||  1712
         Peck              |     8 |     3 |    62 |    99 |   385 |   414 |   114 ||  1085
         Spear             |    56 |     9 |     6 |    37 |     6 |       |       ||   114
         Punch             |     1 |       |     4 |       |       |       |       ||     5
         Whip              |       |    42 |   236 |       |       |       |       ||   278
         Short sword       |       |       |    70 |   490 |  1221 |  1363 |   293 ||  3437
         Double sword      |       |       |       |       |   147 |   122 |    22 ||   291
         Staff             |       |       |       |       |       |     1 |     3 ||     4
         Unarmed           |       |       |       |       |       |       |    66 ||    66
  Throw: Stone             |    15 |     1 |       |       |       |       |       ||    16
         Dart              |       |       |       |     1 |     1 |       |       ||     2
         Javelin           |       |       |       |       |       |    32 |     6 ||    38
   Cast: Summon Small Mamm |    13 |     8 |     2 |     2 |     4 |     8 |       ||    37
         Necrotise         |       |       |     9 |     3 |     2 |       |       ||    14
         Cigotuvi's Dreadf |       |       |     1 |       |       |       |       ||     1
         Call Canine Famil |       |       |     1 |    24 |    56 |    17 |     7 ||   105
         Mephitic Cloud    |       |       |       |       |     7 |    11 |     7 ||    25
         Agony             |       |       |       |       |       |    86 |    33 ||   119
         Summon Guardian G |       |       |       |       |       |    11 |    10 ||    21
         Sublimation of Bl |       |       |       |       |       |    10 |       ||    10
         Apportation       |       |       |       |       |       |     1 |     1 ||     2
         Death Channel     |       |       |       |       |       |    15 |     7 ||    22
         Animate Armour    |       |       |       |       |       |     2 |    18 ||    20
         Static Discharge  |       |       |       |       |       |     1 |       ||     1
         Dispel Undead     |       |       |       |       |       |       |     6 ||     6
Ability: Evoke Blink       |       |       |       |       |     1 |     1 |       ||     2
  Evoke: Wand              |       |       |       |       |     3 |     2 |     3 ||     8
         Phial of floods   |       |       |       |       |       |     1 |     1 ||     2
    Use: Scroll            |     5 |     1 |     7 |     6 |    16 |    12 |     8 ||    55
         Potion            |       |     3 |     1 |       |     1 |     4 |     1 ||    10
   Stab: Sleeping          |     4 |       |     5 |       |       |       |       ||     9
         Distracted        |       |     1 |     1 |     1 |     6 |    14 |     3 ||    26
         Invisible         |       |     1 |       |       |       |     1 |       ||     2
         Confused          |       |       |       |       |     8 |     9 |    10 ||    27
 Armour: Leather armour    |    16 |    20 |    22 |    90 |    11 |       |       ||   159
         Ring mail         |       |       |    54 |    16 |       |       |       ||    70
         Chain mail        |       |       |       |       |   337 |   374 |   111 ||   822
  Dodge: Dodged            |    34 |    41 |   184 |   247 |   436 |   774 |   176 ||  1892
  Block: Buckler           |       |       |    24 |   174 |   409 |   339 |    91 ||  1037
         Reflection        |       |       |       |     2 |    20 |       |       ||    22

Table legend: (Time is in decaauts)
 A = Elapsed time spent in this place.
 B = Non-inter-level travel time spent in this place.
 C = Inter-level travel time spent in this place.
 D = Time resting spent in this place.
 E = Time spent auto-exploring this place.
 F = Levels seen in this place.
 G = Mean time per level.
                   A        B        C        D        E       F      G
               +--------+--------+--------+--------+--------+-----+--------+
         Total |  52915 |  46717 |   6198 |  13569 |  19495 |  34 | 1556.3 |
       Dungeon |  21554 |  18849 |   2705 |   5456 |   8625 |  15 | 1436.9 |
          Lair |  10981 |   9375 |   1606 |   3227 |   3853 |   5 | 2196.2 |
         Swamp |   2486 |   2307 |    179 |    731 |    829 |   3 |  828.7 |
     Snake Pit |  10141 |   9257 |    884 |   2550 |   3542 |   4 | 2535.2 |
  Orcish Mines |   4502 |   3789 |    713 |    607 |   1701 |   2 | 2251.0 |
        Vaults |   2720 |   2611 |    109 |    958 |    832 |   2 | 1360.0 |
         Trove |    210 |    210 |      0 |      0 |     22 |   1 |  210.0 |
         Sewer |    210 |    210 |      0 |     39 |     88 |   1 |  210.0 |
    Desolation |    107 |    107 |      0 |      0 |      0 |   1 |  107.0 |
               +--------+--------+--------+--------+--------+-----+--------+

Top non-repeatable levels by time:
 Snake:4: 3844 daAuts
 Snake:3: 3304 daAuts
   Orc:1: 2837 daAuts
    D:13: 2799 daAuts
Vaults:1: 2553 daAuts
  Lair:4: 2538 daAuts
  Lair:2: 2476 daAuts
  Lair:1: 2106 daAuts
  Lair:3: 1983 daAuts
     D:9: 1961 daAuts
     D:8: 1906 daAuts
  Lair:5: 1876 daAuts
 Snake:2: 1685 daAuts
   Orc:2: 1665 daAuts
    D:15: 1580 daAuts
